 Dungeon Crawl Stone Soup version 0.21-a0-91-ga5031da (webtiles) character file.

75383 Gorglomux the Warrior (level 15, -1/145 HPs)
             Began as a Centaur Gladiator on June 29, 2017.
             Was the Champion of Fedhas.
             Shot with an arrow by a centaur warrior (20 damage)
             ... on level 14 of the Dungeon.
             The game lasted 01:00:05 (29331 turns).

Gorglomux the Warrior (Centaur Gladiator)          Turns: 29331, Time: 01:00:06

Health: -1/145     AC: 17    Str: 29    XL:     15   Next: 9%
Magic:  26/26      EV:  9    Int:  7    God:    Fedhas [******]
Gold:   1326       SH:  0    Dex: 10    Spells: 14/14 levels left

rFire    . . .     SeeInvis .   r - +7 lajatang (vamp)
rCold    + . .     Gourm    .   (shield currently unavailable)
rNeg     . . .     Faith    .   v - +1 chain mail {rC+}
rPois    +         Spirit   .   c - +2 helmet
rElec    .         Reflect  .   u - +2 cloak {rPois}
rCorr    .         Harm     .   J - +2 pair of gloves
MR       +....                  (no barding)
Stlth    ..........             (no amulet)
HPRegen  0.34/turn              l - +2 ring of evasion
MPRegen  0.20/turn              F - ring of Qios {+Fly Str+5}

@: very quick
A: hooves 3, deformed body, speed 2, tough skin 3
a: Fungal Bloom, Evolution, Sunlight, Growth, Reproduction, Rain, Renounce
Religion, Evoke Flight


You were on level 14 of the Dungeon.
You worshipped Fedhas.
Fedhas was exalted by your worship.
You were very hungry.

You visited 3 branches of the dungeon, and saw 21 of its levels.
You also visited: Sewer and Bailey.

You collected 1587 gold pieces.
You spent 261 gold pieces at shops.

Inventory:

Hand Weapons
 o - a +3 lajatang of draining
 p - the +4 lajatang "Giantbane" {holy, +Inv rElec rC+ rN+}
   (You acquired it on level 8 of the Dungeon)

   It has been blessed by the Shining One to cause great damage to the undead
   and demons.
   It protects you from cold.
   It insulates you from electricity.
   It protects you from negative energy.
   It lets you turn invisible.
 r - a +7 vampiric lajatang (weapon)
Missiles
 Z - 3 throwing nets (quivered)
Armour
 c - a +2 helmet (worn)
 u - a +2 cloak of poison resistance (worn)
 v - a +1 chain mail of cold resistance (worn)
 J - a +2 pair of gloves (worn)
Jewellery
 f - an uncursed ring of protection from fire
 g - an uncursed ring of resist corrosion
 l - a +2 ring of evasion (left hand)
 F - the ring of Qios (right hand) {+Fly Str+5}
   (You found it on level 6 of the Lair of Beasts)

   [ring of flight]

   It affects your strength (+5).
   It lets you fly.
Wands
 C - a wand of confusion (21/48)
 I - a wand of iceblast (2/15)
Scrolls
 m - 5 scrolls of enchant armour
 w - a scroll of silence
 B - 2 scrolls of blinking
 H - 4 scrolls of fear
 K - 13 scrolls of remove curse
 L - a scroll of summoning
 N - 6 scrolls of fog
 O - 6 scrolls of immolation
 R - 2 scrolls of identify
 T - 7 scrolls of teleportation
 X - 11 scrolls of recharging
Potions
 h - 3 potions of ambrosia
 n - a potion of invisibility
 q - 3 potions of berserk rage
 t - a potion of resistance {unknown}
 A - 8 potions of heal wounds
 D - 4 potions of agility
 E - 2 potions of flight
 G - 7 potions of lignification
 M - 5 potions of brilliance {unknown}
 Q - 9 potions of curing
 S - a potion of mutation {!q}
 V - 4 potions of magic
 W - 7 potions of might
 Y - 6 potions of haste
Miscellaneous
 U - a box of beasts
Comestibles
 x - 2 royal jellies
 y - 12 bread rations
 z - 5 meat rations
 P - 33 fruits {!e}


   Skills:
 + Level 16.5 Fighting
 - Level 14.0 Staves
 - Level 2.1 Throwing
 - Level 2.1 Dodging
 + Level 15.0 Invocations


You had 14 spell levels left.
You didn't know any spells.

Dungeon Overview and Level Annotations

Branches:
Dungeon (14/15)            Temple (1/1) D:7            Lair (6/6) D:8
  Swamp (0/4) Lair:2       Spider (0/4) Lair:3        Slime (0/5) Lair:5
    Orc (0/2) D:12         Vaults (0/5) D:14

Altars:
Ashenzari
Cheibriados
Dithmenos
Fedhas
Gozag
Hepliaklqana
Kikubaaqudgha
Makhleb
Nemelex Xobeh
Uskayaw
Wu Jian
Xom
Zin
Beogh
Jiyva

Shops:
D:8 *   D:12 %   D:14 }

Annotations:
D:3 Ijustatesigmund's ghost, amateur NaFi
D:14 exclusion: Roxanne, Roxanne
Lair:6 exclusion: hyperactive ballistomycete


Innate Abilities, Weirdness & Mutations

You have hooves in place of feet.
Armour fits poorly on your strangely shaped body.
You cover ground very quickly.
You have extremely tough skin. (AC +3)


Message History

The centaur warrior hits something.
The cyclops throws a large rock.
The large rock hits you!!
Something hits the toadstool.
The toadstool is destroyed!
You see here a large rock.
You are no longer corroded.
The centaur warrior wields an uncursed shortbow.
The centaur warrior shoots an arrow.
The arrow closely misses you.
The cyclops throws a large rock.
The large rock hits you!!
* * * LOW HITPOINT WARNING * * *
The cyclops throws a large rock.
The large rock hits you!
* * * LOW HITPOINT WARNING * * *
You see here a large rock.
The cyclops throws a large rock.
The large rock hits you!
* * * LOW HITPOINT WARNING * * *
You see here a large rock.
There is a stone staircase leading up here.
The centaur warrior shoots an arrow.
The arrow hits you but does no damage.
The centaur warrior shoots an arrow.
The arrow hits you!!
You die...
Fedhas appreciates your contribution to the ecosystem.

##....#.....#
###...)....# ##
##..####.###### #..
##.##........# ##..
#....(#.#...##...
##..c#...#.....#
#.....∩.C....#
######.p.#...#...##
#.#P#(##..#.#..@##
#.#(#.###.(.(...##
.#.#p#.##....####
#.#)#.####..## (#%#
#.#....# #e#
##..... .# #......
# #####... #..


You could see a centaur warrior and a cyclops.

Vanquished Creatures
  Frances (D:12)
  An entropy weaver (Lair:5)
  Snorg (D:13)
  A wandering mushroom (D:13)
  3 hydras
  2 catoblepae (Lair:6)
  A centaur warrior (D:13)
  3 two-headed ogres
  2 slime creatures
  4 unseen horrors
  The ghost of Gorglomux the Stinger, a novice TeVM of Cheibriados (D:7)
  A lindwurm (Lair:6)
  A necromancer (Lair:3)
  An orb spider (Lair:3)
  A deep elf mage (D:14)
  6 orc knights (Bailey)
  A manticore (D:11)
  A cyclops (D:11)
  7 elephants
  A guardian serpent (shapeshifter) (D:14)
  Maurice (D:9)
  3 black mambas
  3 centaur skeletons
  Psyche (D:11)
  13 spiny frogs
  4 torpor snails
  A gargoyle (D:14)
  5 rime drakes
  10 komodo dragons
  A tengu conjurer (D:10)
  2 trolls
  A polar bear (Lair:6)
  A hornet (D:9)
  5 tyrant leeches
  26 blink frogs
  12 hippogriffs
  Sigmund (D:5)
  5 wyverns
  4 fire elementals (D:14)
  2 wraiths
  58 yaks
  2 hungry ghosts
  3 basilisks
  4 vampire mosquitoes (Lair:6)
  17 soldier ants (Lair:5)
  2 acid dragons
  A hell hound (D:14)
  12 water moccasins
  7 porcupines
  7 ice beasts
  15 orc warriors
  3 sky beasts
  11 ogres
  A phantom (D:9)
  10 wolves
  13 centaurs
  12 crocodiles
  2 big kobolds
  27 bullfrogs
  A wyvern zombie (D:6)
  3 gnoll sergeants
  3 scorpions
  A wyvern skeleton (D:14)
  8 killer bees
  4 wights (D:10)
  3 electric eels
  2 howler monkeys
  13 crimson imps
  A quasit (D:6)
  A bullfrog zombie (D:9)
  A centaur zombie (D:8)
  12 orc priests
  13 hounds
  A gnoll shaman (D:9)
  An iron imp (D:6)
  4 bullfrog skeletons
  7 iguanas
  10 orc wizards
  5 wolf simulacra (Lair:3)
  17 worker ants
  A yak simulacrum (Lair:3)
  2 polar bear simulacra (Lair:3)
  2 hound skeletons
  A worker ant zombie (D:6)
  19 gnolls
  A howler monkey skeleton (D:6)
  13 adders
  4 shadow imps
  6 oozes
  An adder skeleton (D:9)
  An adder zombie (D:6)
  7 worms
  2 dart slugs
  10 leopard geckos
  73 orcs
  6 giant cockroaches
  4 goblins
  8 hobgoblins
  14 jackals
  2 quokkas
  6 ball pythons
  8 bats
  16 frilled lizards
  2 jackal zombies (D:5)
  20 kobolds
  A leopard gecko zombie (D:4)
  10 rats
  3 river rat simulacra (Lair:3)
  5 ballistomycetes (Lair:6)
  A ballistomycete spore (Lair:6)
  A hyperactive ballistomycete (Lair:6)
  3 plants (Sewer)
712 creatures vanquished.

Vanquished Creatures (collateral kills)
  Agnes (D:14)
  An entropy weaver (Lair:5)
  Azrael (D:14)
  5 hydras
  A queen ant (Lair:5)
  2 elephants
  8 spiny frogs (Lair:6)
  A komodo dragon (Lair:5)
  8 blink frogs
  A tyrant leech (Lair:2)
  2 hippogriffs
  A fire elemental (D:14)
  2 yaks (Lair:3)
  A basilisk (Lair:3)
  A vampire mosquito (Lair:6)
  8 soldier ants (Lair:5)
  An ogre (D:11)
  A crocodile (Lair:6)
  3 bullfrogs (Lair:6)
  A wyvern skeleton (D:14)
  A howler monkey (D:11)
  7 worker ants (Lair:5)
  9 orcs (Bailey)
  3 ballistomycete spores (Lair:6)
  A hyperactive ballistomycete (Lair:6)
71 creatures vanquished.

Vanquished Creatures (others)
  2 oklob plants
  17 wandering mushrooms
  2 necrophages (D:8)
  A worker ant zombie (D:8)
  An orc (D:8)
  8 ballistomycetes (Lair:6)
  5 ballistomycete spores (Lair:6)
  A bush (Lair:6)
  20 fungi
  60 plants
  656 toadstools
773 creatures vanquished.

Grand Total: 1556 creatures vanquished

Notes
Turn   | Place    | Note
-------+----------+-------------------------------------------
     0 | D:1      | Gorglomux the Centaur Gladiator began the quest for the Orb.
     0 | D:1      | Reached XP level 1. HP: 17/17 MP: 1/1
    12 | D:1      | Reached skill level 3 in Staves
   276 | D:1      | Reached XP level 2. HP: 24/24 MP: 2/2
   998 | D:1      | Reached XP level 3. HP: 25/29 MP: 3/3
  2438 | D:2      | Reached XP level 4. HP: 17/36 MP: 4/4
  3238 | D:3      | Noticed Ijustatesigmund's ghost (amateur NaFi)
  4348 | D:4      | Reached XP level 5. HP: 26/41 MP: 5/5
  4559 | D:4      | Reached skill level 6 in Staves
  4887 | D:4      | Reached XP level 6. HP: 43/48 MP: 6/6
  5629 | D:5      | Entered Level 5 of the Dungeon
  5798 | D:5      | Found a glowing drain.
  5812 | Sewer    | Entered a sewer
  6903 | D:5      | Reached XP level 7. HP: 55/55 MP: 7/7
  6925 | D:5      | Noticed Sigmund
  7041 | D:5      | Killed Sigmund
  7355 | D:5      | Found a shimmering altar of Xom.
  7355 | D:5      | Found a shimmering altar of Xom.
  7356 | D:5      | Found a shimmering altar of Xom.
  7357 | D:5      | Found a shimmering altar of Xom.
  7452 | D:5      | Found a shimmering altar of Xom.
  7618 | D:5      | Found a shimmering altar of Xom.
  7803 | D:5      | Found a shimmering altar of Xom.
  7895 | D:6      | Reached skill level 9 in Staves
  7895 | D:6      | Reached XP level 8. HP: 58/61 MP: 8/8
  8507 | D:6      | Found a snail-covered altar of Cheibriados.
  9399 | D:7      | Found a staircase to the Ecumenical Temple.
  9433 | Temple   | Entered the Ecumenical Temple
  9452 | Temple   | Became a worshipper of Fedhas Madash
  9579 | D:7      | Reached XP level 9. HP: 67/67 MP: 9/9
  9646 | D:7      | Noticed Gorglomux's ghost (novice TeVM)
 10347 | D:7      | Killed Gorglomux's ghost
 10585 | D:7      | Reached skill level 12 in Staves
 10650 | D:7      | Reached * piety under Fedhas
 11845 | D:8      | Found a staircase to the Lair.
 11890 | D:8      | Reached ** piety under Fedhas
 12335 | D:8      | Noticed a troll
 12349 | D:8      | Killed a troll
 12349 | D:8      | Reached XP level 10. HP: 28/73 MP: 10/10
 12553 | D:8      | Found Qodox's Assorted Antiques.
 12556 | D:8      | Bought a potion of heal wounds for 135 gold pieces
 12556 | D:8      | Bought a potion of curing for 81 gold pieces
 12556 | D:8      | Bought a scroll labeled ZOEWNA MODORI for 27 gold pieces
 12556 | D:8      | Identified a scroll of acquirement
 12558 | D:8      | Got a brightly glowing lajatang
 12559 | D:8      | Identified the +4 lajatang "Giantbane" {holy, +Inv rElec rC+ rN+} (You acquired it on level 8 of the Dungeon)
 12876 | D:9      | Paralysed by a hornet for 3 turns
 13424 | D:9      | Noticed Maurice
 13444 | D:9      | Killed Maurice
 14002 | D:9      | Reached skill level 3 in Fighting
 14215 | D:10     | Entered Level 10 of the Dungeon
 14446 | D:10     | Reached skill level 4 in Fighting
 14537 | D:10     | Reached *** piety under Fedhas
 14656 | D:10     | Killed an unseen horror
 14656 | D:10     | Reached skill level 5 in Fighting
 14903 | D:10     | Reached skill level 6 in Fighting
 14923 | D:10     | Found a flagged portal.
 14932 | Bailey   | Entered a bailey
 15086 | Bailey   | Reached XP level 11. HP: 46/91 MP: 11/11
 15319 | Bailey   | Noticed an orc knight
 15319 | Bailey   | Noticed an orc knight
 15346 | Bailey   | Reached skill level 7 in Fighting
 15350 | Bailey   | Reached **** piety under Fedhas
 15365 | Bailey   | Killed an orc knight
 15456 | Bailey   | Killed an orc knight
 15663 | Bailey   | Noticed an orc knight
 15663 | Bailey   | Noticed an orc knight
 15677 | Bailey   | Noticed an orc knight
 15679 | Bailey   | Noticed an orc knight
 15682 | Bailey   | Killed an orc knight
 15682 | Bailey   | Reached skill level 8 in Fighting
 15736 | Bailey   | Killed an orc knight
 15744 | Bailey   | Killed an orc knight
 15744 | Bailey   | Reached skill level 9 in Fighting
 15753 | Bailey   | Killed an orc knight
 16270 | D:11     | Noticed a two-headed ogre
 16272 | D:11     | Noticed Psyche
 16279 | D:10     | Killed a two-headed ogre
 16279 | D:10     | Reached skill level 10 in Fighting
 16448 | D:11     | Killed Psyche
 16448 | D:11     | Reached skill level 1 in Invocations
 16518 | D:11     | Found a roughly hewn altar of Beogh.
 16756 | D:11     | Reached skill level 3 in Invocations
 17137 | D:11     | Reached skill level 11 in Fighting
 17314 | D:11     | Reached XP level 12. HP: 84/110 MP: 15/15
 17532 | D:12     | Found a staircase to the Orcish Mines.
 17651 | Lair:1   | Entered Level 1 of the Lair of Beasts
 17712 | Lair:1   | Reached skill level 6 in Invocations
 18607 | Lair:1   | Reached skill level 12 in Fighting
 19398 | Lair:2   | Found a snail-covered altar of Cheibriados.
 19424 | Lair:2   | Reached ***** piety under Fedhas
 19927 | Lair:2   | Reached skill level 9 in Invocations
 20003 | Lair:2   | Found a staircase to the Swamp.
 20512 | Lair:3   | Noticed a seven-headed hydra
 20527 | Lair:3   | Killed an eight-headed hydra
 20941 | Lair:3   | Reached skill level 13 in Fighting
 20961 | Lair:3   | Reached XP level 13. HP: 118/122 MP: 20/20
 21157 | Lair:3   | Found a hole to the Spider Nest.
 22932 | Lair:5   | Found a runed door.
 22945 | Lair:5   | Found a viscous altar of Jiyva.
 22950 | Lair:5   | Found a staircase to the Slime Pits.
 23077 | Lair:5   | Reached skill level 14 in Fighting
 23147 | Lair:5   | Noticed an entropy weaver
 23172 | Lair:5   | Killed an entropy weaver
 23199 | Lair:5   | Reached ****** piety under Fedhas
 23420 | Lair:5   | Noticed an entropy weaver
 23453 | Lair:5   | Killed an entropy weaver
 23678 | Lair:5   | Reached skill level 12 in Invocations
 24277 | Lair:6   | Entered Level 6 of the Lair of Beasts
 24458 | Lair:6   | Reached XP level 14. HP: 25/133 MP: 23/23
 24952 | Lair:6   | Reached skill level 15 in Fighting
 25776 | Lair:6   | Got a shimmering brass ring
 25778 | Lair:6   | Identified the ring of Qios {+Fly Str+5} (You found it on level 6 of the Lair of Beasts)
 26760 | D:12     | Found Sylu's Food Boutique.
 26799 | D:12     | Bought a fruit for 18 gold pieces
 26987 | D:12     | Reached skill level 16 in Fighting
 26990 | D:12     | Noticed Frances
 27030 | D:12     | Killed Frances
 28195 | D:13     | Noticed Snorg
 28230 | D:13     | Killed Snorg
 28318 | D:14     | Noticed Roxanne
 28493 | D:14     | Noticed Agnes
 28509 | D:14     | Killed Agnes
 28509 | D:14     | Reached XP level 15. HP: 104/145 MP: 26/26
 28808 | D:14     | Noticed Azrael
 29214 | D:14     | Killed Azrael
 29214 | D:14     | Reached skill level 15 in Invocations
 29245 | D:14     | Found Zudwilug's Quality Used Wands.
 29301 | D:14     | Found a gate to the Vaults.
 29331 | D:14     | Shot with an arrow by a centaur warrior

Vault maps used:
D:1:      dpeg_arrival_ratfight
D:3:      serial_bayou_ford_a
D:4:      first_bread, hangedman_glass_teeth
D:5:      minmay_diamond_boxcup, gup_sewer_entry_bubbles,
          nicolae_xom_altar_mimics, uniq_sigmund
D:6:      slow_altar_2
D:7:      temple_fountains
D:8:      erik_lair_island, serial_shops, shop
D:9:      uniq_maurice
D:10:     enter_bailey_2, grunt_tengu_nest, kennysheep_generic_room_14
D:11:     special_room, patterned_corridor, uniq_psyche
D:12:     orc_0_dummy, serial_shops, nicolae_shop_statue_plus, uniq_frances
D:13:     hex_medium, uniq_snorg
D:14:     david_vaults_5, hangedman_abyss_or_decor_lesser_grid,
          nicolae_for_you_no_charge, uniq_azrael, uniq_agnes, uniq_sonja,
          uniq_roxanne
Temple:   grunt_wide_crystal_templ
Lair:1:   nicolae_lair_grove_arrangements, beast_lair_carwin_7
Lair:2:   minmay_swamp_entry_worms, kennysheep_snail_temple, lemuel_fruit_tree
Lair:3:   nicolae_spider_entry_orb_guardian, eino_house_with_fridge
Lair:5:   slime_altar_2, zaba_anthell
Lair:6:   minmay_lair_end_frog_pond
Sewer:    sewer_co_scattered_pipes
Bailey:   bailey_polearm_5, bailey

Skill      XL: |  1  2  3  4  5  6  7  8  9 10 11 12 13 14 15 |
---------------+----------------------------------------------+-----
Staves         | 3 4 5 6 7 9 11 13 14 | 14.0
Fighting       | 6 11 13 14 16 | 16.5
Invocations    | 5 9 12 14 15 | 15.0
Throwing       | |  2.1
Dodging        | |  2.1

Action                   |  1- 3 |  4- 6 |  7- 9 | 10-12 | 13-15 || total
-------------------------+-------+-------+-------+-------+-------++-------
Melee: Quarterstaff      |   109 |   281 |   390 |     2 |       ||   782
       Kick              |    12 |    62 |   103 |   188 |   261 ||   626
       Lajatang          |       |       |       |   645 |   777 ||  1422
 Fire: Shortbow          |       |       |       |    13 |       ||    13
Invok: Fungal Bloom      |       |       |    25 |    61 |    73 ||   159
       Evolution         |       |       |       |     7 |    20 ||    27
       Sunlight          |       |       |       |     1 |       ||     1
       Reproduction      |       |       |       |       |     1 ||     1
       Growth            |       |       |       |       |     1 ||     1
 Abil: Evoke Invisibilit |       |       |       |     2 |       ||     2
Evoke: Wand              |       |       |     7 |    19 |     2 ||    28
  Use: Potion            |     2 |     1 |     1 |     2 |       ||     6
       Scroll            |       |     3 |    10 |    20 |    11 ||    44
 Stab: Confused          |       |       |     3 |     5 |     8 ||    16
       Invisible         |       |       |       |     9 |       ||     9
       Distracted        |       |       |       |     2 |       ||     2
       Petrified         |       |       |       |       |     5 ||     5
  Eat: Chunk             |     3 |    13 |     9 |    12 |    19 ||    56
       Fruit             |       |       |     6 |     1 |       ||     7
       Royal jelly       |       |       |       |     4 |     1 ||     5
       Meat ration       |       |       |       |     4 |     1 ||     5
Armor: Leather armour    |    43 |    14 |       |       |       ||    57
       Chain mail        |       |   124 |   227 |   371 |   400 ||  1122
Dodge: Dodged            |    56 |    71 |    88 |   184 |   220 ||   619
